 Dungeon Crawl Stone Soup version 0.20.1-1-g8b1a95d (console) character file.

140 bli the Skirmisher (level 5, -3/42 HPs)
             Began as a Formicid Abyssal Knight on July 28, 2017.
             Was a Believer of Lugonu.
             Killed by divine providence
             ... invoked by an orc priest
              (13 damage)
             ... on level 3 of the Dungeon.
             The game lasted 00:10:28 (2142 turns).

bli the Skirmisher (Formicid Abyssal Knight)        Turns: 2142, Time: 00:10:29

Health: -3/42      AC:  4    Str: 16    XL:     5   Next: 46%
Magic:  6/6        EV: 11    Int: 12    God:    Lugonu [**....]
Gold:   195        SH:  0    Dex: 14    Spells: 4/4 levels left

rFire    + + +     SeeInvis +   a - +1 hand axe
rCold    x x .     Gourm    +   (no shield)
rNeg     . . .     Faith    .   p - +0 leather armour
rPois    .         Spirit   .   (helmet unavailable)
rElec    +         Reflect  .   (no cloak)
rCorr    .         Harm     .   (no gloves)
MR       .....                  d - +0 pair of boots of Vaafoyhoe {rElec rF+ Regen+ Dex+3} (curse)
Stlth    +.........             q - amulet of the gourmand
Regen    0.6/turn               t - ring of fire
MPRegen  0.1/turn               u - ring of fire

@: drained
A: permanent stasis, dig shafts and tunnels, four strong arms, antennae 3
a: Dig, Shaft Self, Depart the Abyss, Bend Space, Renounce Religion


You were on level 3 of the Dungeon.
You worshipped Lugonu.
Lugonu was pleased with you.
You were completely stuffed.

You visited 1 branch of the dungeon, and saw 3 of its levels.
You visited the Abyss 1 time.

You collected 195 gold pieces.

Inventory:

Hand Weapons
 a - a +1 hand axe (weapon)
 y - a +0 dagger of protection
 C - a +0 dagger of draining
Missiles
 j - 86 stones (quivered)
Armour
 b - a +0 leather armour
 d - the cursed +0 pair of boots of Vaafoyhoe (worn) {rElec rF+ Regen+ Dex+3}
   (You found it on level 2 of the Abyss)

   It affects your dexterity (+3).
   It protects you from fire.
   It insulates you from electricity.
   It increases your rate of regeneration.
   It has a curse placed upon it.
 k - a +0 ring mail
 m - a +0 plate armour
 p - a +0 leather armour (worn)
Jewellery
 g - an uncursed amulet of harm
 q - an amulet of the gourmand (around neck)
 t - a ring of fire (left hand)
 u - a ring of fire (right hand)
 w - a +1 ring of evasion {unknown}
Scrolls
 f - 2 scrolls of noise {unknown}
 h - a scroll of random uselessness {unknown}
 l - 5 scrolls of teleportation {unknown}
 n - 4 scrolls of remove curse {unknown}
 o - a scroll of fog {unknown}
 r - 3 scrolls of identify {unknown}
 x - a scroll of recharging {unknown}
Potions
 e - a potion of lignification {unknown}
 s - a potion of haste {unknown}
 v - a potion of heal wounds {unknown}
 B - a potion of might {unknown}
Books
 i - a book of Unlife

   Spells                             Type                      Level
   a - Recall                         Summoning/Translocation      3
   b - Animate Dead                   Necromancy                   4
   c - Control Undead                 Necromancy                   4
   d - Cigotuvi's Embrace             Necromancy                   5
   e - Death Channel                  Necromancy                   6
   f - Simulacrum                     Ice/Necromancy               6
Comestibles
 c - 4 bread rations
 z - 2 royal jellies
 A - a chunk of flesh


   Skills:
 + Level 4.1(3.5) Fighting
 + Level 3.4(2.8) Axes
 + Level 3.4(2.8) Armour
 + Level 1.6(1.0) Dodging
 + Level 2.4(1.8) Invocations


You had 4 spell levels left.
You didn't know any spells.

Dungeon Overview and Level Annotations

Branches:
Dungeon (3/15)

Altars:
Makhleb
Zin


Innate Abilities, Weirdness & Mutations

You cannot be hasted, slowed, berserked, paralysed or teleported.
You can dig through walls and to a lower floor.
Your four strong arms can wield two-handed weapons with a shield.
You have a pair of large antennae on your head. (SInv)


Message History

The orc priest casts a cantrip, but nothing happens.
You hit the orc priest but do no damage.
The orc priest is severely wounded.
The orc priest hits you with a club.
You hit the orc priest but do no damage.
The orc priest is severely wounded.
The orc priest calls down the wrath of Beogh upon you.
Beogh smites you!
You hit the orc priest.
The orc priest is severely wounded.
The orc priest hits you with a club.
* * * LOW HITPOINT WARNING * * *
You barely miss the orc priest.
The orc priest is severely wounded.
The orc priest hits you but does no damage.
You barely miss the orc priest.
The orc priest is severely wounded.
The orc priest calls down the wrath of Beogh upon you.
Beogh smites you!
You die...

#...............#.# #.#.#.#.#####
.........######.#.###.#.#.#......
.......................>..#######
###.......####..#.#.###..##..##
..........####..#.#.##........##
###.......#.....#.#.#..........#
#.......#.....#.#.#..........#
#.......#.....#.#.##........#
#.......#.......#.##........##
#....)..#.......#......>.....##
#.#...........@................
#.#############o#.##........###
#.# o......r..###..##).##
{o{######.## #.###.## ##.####.#
#.# ........# #.# ........# #.#
........# #.# .........# #.#
.........# #.# ........# #.#


You could see an orc priest and a rat.

Vanquished Creatures
  2 orc wizards
  2 adders (D:2)
  A worm (D:3)
  2 dart slugs
  A leopard gecko (D:2)
  3 orcs
  8 goblins
  6 hobgoblins
  7 jackals
  5 kobolds
  2 ball pythons
  5 bats
  5 frilled lizards
  4 rats
53 creatures vanquished.

Notes
Turn   | Place    | Note
-------+----------+-------------------------------------------
     0 | Abyss:1  | bli the Formicid Abyssal Knight began the quest for the Orb.
     0 | Abyss:1  | Reached XP level 1. HP: 18/18 MP: 2/2
    12 | Abyss:2  | Got a pair of brightly glowing boots
    98 | Abyss:2  | Noticed a ynoxinul
   100 | D:1      | Escaped the Abyss
   106 | D:1      | Identified the cursed +0 pair of boots of Vaafoyhoe {rElec rF+ Regen+ Dex+3} (You found it on level 2 of the Abyss)
   280 | D:1      | Reached XP level 2. HP: 18/24 MP: 3/3
   508 | D:1      | Reached * piety under Lugonu
  1125 | D:2      | Reached XP level 3. HP: 29/30 MP: 4/4
  1214 | D:2      | Reached skill level 1 in Dodging
  1479 | D:2      | Reached XP level 4. HP: 37/37 MP: 5/5
  1487 | D:2      | Found a burning altar of Makhleb.
  1489 | D:2      | Found a glowing silver altar of Zin.
  1489 | D:2      | Noticed an angel
  1489 | D:2      | Noticed an Executioner
  1656 | D:2      | Reached skill level 4 in Fighting
  1705 | D:3      | Reached XP level 5. HP: 21/42 MP: 6/6
  2022 | D:3      | Reached ** piety under Lugonu
  2142 | D:3      | Killed from afar by an orc priest

Skill      XL: |  1  2  3  4 |
---------------+-------------+-----
Dodging        | 1 |  1.6
Axes           | 3 |  3.4
Fighting       | 4 |  4.1
Armour         | 3 |  3.4
Invocations    | |  2.4

Action                   |  1- 3 |  4- 6 || total
-------------------------+-------+-------++-------
Melee: Hand axe          |   109 |   102 ||   211
Invok: Depart the Abyss  |     1 |       ||     1
  Eat: Chunk             |    19 |     2 ||    21
Armor: Leather armour    |    34 |    25 ||    59
Dodge: Dodged            |    78 |    60 ||   138
